 Dungeon Crawl Stone Soup version 0.30.1-11-g7821555f0a (webtiles) character file.

Game seed: 202887348528713940

10127 Rune1994 the Cleaver (level 11, 0/91 HPs)
             Began as a Human Fighter on Dec 9, 2023.
             Succumbed to Erica's bolt of poison
             ... on level 1 of the Lair of Beasts on Dec 10, 2023.
             The game lasted 00:21:22 (8291 turns).

Rune1994 the Cleaver (Human Fighter)                Turns: 8291, Time: 00:21:23

Health: 0/91       AC: 19    Str: 24    XL:     11   Next: 87%
Magic:  11/11      EV: 11    Int:  8    God:
Gold:   489        SH:  5    Dex: 14    Spells: 10/10 levels left

rFire   + . .        l - +9 war axe of Disembowelment {speed, *Rage +Blink rC+ SInv}
rCold   + + .        c - +0 buckler
rNeg    . . .        C - +5 scale mail of Tender Moments {Drain rF+ rC+ Str+4}
rPois   .            j - +0 helmet
rElec   .            w - +1 cloak {Stlth+}
rCorr   .            A - +0 pair of gloves
SInv    +            t - +0 pair of boots
Will    .....        (no amulet)
Stlth   +            (no ring)
HPRegen 0.35/turn    (no ring)
MPRegen 0.12/turn

%: random rage (20%)
@: lethally poisoned (0 -> -4), on berserk cooldown, slowed, very slow
A: no striking features
a: Evoke Blink


You were on level 1 of the Lair of Beasts.
You visited 2 branches of the dungeon, and saw 10 of its levels.

You collected 552 gold pieces.
You spent 63 gold pieces at shops.

Inventory:

Hand Weapons
 a - a +1 long sword
 l - the +9 war axe of Disembowelment (weapon) {speed, *Rage +Blink rC+ SInv}
   (You found it on level 2 of the Dungeon)

   rC:        It protects you from cold.
   SInv:      It lets you see invisible.
   +Blink:    It lets you blink.
   *Rage:     It berserks you when you make melee attacks (+20% chance).
Missiles
 b - 2 throwing nets (quivered)
Armour
 c - a +0 buckler (worn)
 j - a +0 helmet (worn)
 s - a +0 cloak
 t - a +0 pair of boots (worn)
 u - a +1 plate armour
 w - a +1 cloak of stealth (worn)
 A - a +0 pair of gloves (worn)
 C - the +5 scale mail of Tender Moments (worn) {Drain rF+ rC+ Str+4}
   (You found it on level 8 of the Dungeon)

   Str:       It affects your strength (+4).
   rF:        It protects you from fire.
   rC:        It protects you from cold.
   Drain:     It drains your maximum health when unequipped.
Jewellery
 m - a ring of wizardry
 F - an amulet of the acrobat
Wands
 g - a wand of mindburst (24)
 r - a wand of iceblast (10)
 H - a wand of paralysis (3)
 I - a wand of polymorph (3)
Scrolls
 e - 3 scrolls of teleportation
 p - 2 scrolls of poison
 v - 2 scrolls of blinking
 x - a scroll of fear
 y - a scroll of fog
 D - a scroll of torment {unknown}
 E - a scroll of amnesia
 G - a scroll of acquirement {unknown}
Potions
 d - 2 potions of might
 f - 5 potions of curing
 h - a potion of invisibility
 i - 4 potions of flight
 k - a potion of lignification
 n - 2 potions of magic
 o - a potion of haste
 q - 2 potions of degeneration {unknown}
 z - a potion of heal wounds {unknown}
 B - a potion of cancellation {unknown}


   Skills:
 * Level 10.2 Fighting
 + Level 3.8 Long Blades
 + Level 12.0 Axes
 + Level 7.6 Armour
 + Level 2.6 Dodging
 + Level 0.1 Stealth
 + Level 4.9 Shields


You had 10 spell levels left.
You didn't know any spells.
Your spell library contained the following spells:

 Spells                   Type           Power      Damage    Failure   Level
 Apportation              Tloc           0%         N/A       75%         1
 Foxfire                  Conj/Fire      0%         2x1d4     75%         1
 Freeze                   Ice            0%         1d3       75%         1
 Magic Dart               Conj           0%         1d3       75%         1
 Necrotise                Necr           0%         1d4       75%         1
 Summon Small Mammal      Summ           0%         N/A       75%         1
 Blink                    Tloc           0%         N/A       86%         2
 Cigotuvi's Dreadful Rot  Necr/Pois/Air  0%         N/A       86%         2
 Searing Ray              Conj           0%         2d4       86%         2
 Frozen Ramparts          Ice            0%         1d1       98%         3
 Hailstorm                Conj/Ice       0%         3d3       98%         3
 Ignite Poison            Fire/Tmut/Pois 0%         N/A       98%         3
 Ozocubu's Armour         Ice            0%         N/A       98%         3
 Anguish                  Hex/Necr       0%         N/A       100%        4
 Animate Dead             Necr           0%         N/A       100%        4
 Cause Fear               Hex            0%         N/A       100%        4
 Fulminant Prism          Conj/Hex       0%         3d5       100%        4
 Summon Ice Beast         Ice/Summ       0%         N/A       100%        4
 Fireball                 Conj/Fire      0%         3d3       100%        5
 Freezing Cloud           Conj/Ice/Air   0%         6-21      100%        5
 Metabolic Englaciation   Hex/Ice        0%         N/A       100%        5
 Plasma Beam              Fire/Air       0%         2x1d11    100%        6
 Simulacrum               Ice/Necr       0%         N/A       100%        6
 Starburst                Conj/Fire      0%         6d3       100%        6
 Dragon Form              Tmut           0%         N/A       100%        7
 Enfeeble                 Hex            0%         N/A       100%        7
 Haunt                    Necr/Summ      0%         N/A       100%        7
 Ozocubu's Refrigeration  Ice            0%         4d7       100%        7
 Infestation              Necr           0%         N/A       100%        8
 Dragon's Call            Summ           0%         N/A       100%        9


Dungeon Overview and Level Annotations

Branches:
Dungeon (9/15)             Temple (0/1) D:4            Lair (1/5) D:9
    Orc: D:9-12

Altars:
Elyvilon
Okawaru
Uskayaw
Yredelemnul

Shops:
D:7 [

Annotations:
Lair:1 Erica


Message History

Erica is severely wounded.
Erica hits you but does no damage.
You slash Erica!
Erica is severely wounded.
Erica gestures at you while chanting. The lance of force hits you!
* * * LOW HITPOINT WARNING * * *
You are knocked back by the lance of force.
A yak comes into view.
Erica casts a spell at you. The bolt of poison hits you!
You are poisoned.
* * * LOW HITPOINT WARNING * * *
You hear a bellow!
* * * LOW HITPOINT WARNING * * *
You feel very sick. You block Erica's attack.
A yak comes into view.
You barely miss Erica.
Erica is severely wounded.
* * * LOW HITPOINT WARNING * * *
You feel very sick.
Erica hits you with a +4 scimitar of flaming.
* * * LOW HITPOINT WARNING * * *
You hit Erica.
Erica is severely wounded.
* * * LOW HITPOINT WARNING * * *
You feel sick.
Erica points at you and mumbles some strange words.
You feel as though you will be slow longer.
You slash Erica!
Erica is almost dead.
* * * LOW HITPOINT WARNING * * *
You feel sick.
A yak comes into view.
Erica points at you and mumbles some strange words.
You resist with significant effort.
You closely miss Erica.
Erica is almost dead.
You die...

##...... .#....Y
...YY+ . .....#
.... +....# .
...... #....# ...
...... +....#...
##.##.##....#.###
........@........
........@........
.........<.......
.................
###.##.....###.#
#+#......#
##†....##..
#.........
+......#$..


You could see Erica (invisible) and 3 yaks.

Vanquished Creatures
  Gastronok (D:9)
  The ghost of Pentewere the Conjurer, a novice HOCj of Beogh (D:9)
  Pikel (D:4)
  An ugly thing (D:8)
  A black mamba (Lair:1)
  Joseph (D:8)
  A cane toad (Lair:1)
  A komodo dragon (Lair:1)
  A troll (D:9)
  A shadow (D:9)
  2 wraiths (D:9)
  4 humans (D:8)
  19 yaks
  Duvessa (D:4)
  2 water moccasins
  2 orc warriors
  A black bear (D:5)
  3 centaurs
  A phantom (D:3)
  3 kobold brigands
  A bullfrog (D:8)
  A scorpion (D:5)
  4 wights (D:9)
  Dowan (D:4)
  4 killer bees (D:7)
  3 howler monkeys (D:7)
  4 hounds
  A jelly (D:7)
  2 orc priests
  A gnoll bouda (D:5)
  Crazy Yiuf (D:5)
  Jessica (D:2)
  2 sleepcaps
  Ijyb (D:5)
  Natasha (twice) (D:4)
  8 orc wizards
  An iguana (D:6)
  9 adders
  10 gnolls
  A shadow imp (D:5)
  3 white imps
  2 worms
  2 dart slugs (D:1)
  20 orcs
  8 ball pythons
  7 endoplasms
  2 giant cockroaches
  13 goblins
  6 hobgoblins
  4 quokkas
  8 bats
  5 frilled lizards
  24 kobolds
  5 rats
215 creatures vanquished.

Vanquished Creatures (others)
  A quokka (D:3)
1 creature vanquished.

Grand Total: 216 creatures vanquished

Notes
Turn   | Place    | Note
-------+----------+-------------------------------------------
     0 | D:1      | Rune1994 the Human Fighter began the quest for the Orb.
     0 | D:1      | Reached XP level 1. HP: 18/18 MP: 1/1
   173 | D:1      | Reached XP level 2. HP: 19/24 MP: 2/2
   488 | D:1      | Reached XP level 3. HP: 24/29 MP: 3/3
  1133 | D:2      | Reached XP level 4. HP: 24/35 MP: 4/4
  1451 | D:2      | Noticed Jessica
  1462 | D:2      | Killed Jessica
  1464 | D:2      | Identified the +9 war axe of Disembowelment {speed, *Rage
                  | +Blink rC+ SInv}
  1594 | D:2      | Identified the +7 whip of the Peculiar Towns {flame, Dex+3}
  2058 | D:3      | Reached XP level 5. HP: 41/41 MP: 5/5
  2189 | D:3      | Found a white marble altar of Elyvilon.
  2372 | D:3      | Reached skill level 1 in Axes
  2377 | D:3      | Reached XP level 6. HP: 14/48 MP: 6/6
  2518 | D:3      | Reached skill level 2 in Axes
  2991 | D:4      | Noticed Duvessa
  2991 | D:4      | Noticed Dowan
  2998 | D:4      | Killed Duvessa
  2999 | D:4      | Reached XP level 7. HP: 55/55 MP: 7/7
  3001 | D:4      | Killed Dowan
  3207 | D:4      | Found a staircase to the Ecumenical Temple.
  3210 | D:4      | Noticed Pikel
  3221 | D:4      | Killed Pikel
  3222 | D:4      | Reached skill level 5 in Fighting
  3222 | D:4      | Reached skill level 4 in Axes
  3222 | D:4      | Reached skill level 5 in Armour
  3222 | D:4      | Reached XP level 8. HP: 63/63 MP: 8/8
  3340 | D:4      | Noticed Natasha
  3350 | D:4      | Killed Natasha
  3543 | D:4      | Reached skill level 5 in Axes
  3724 | D:4      | Noticed Natasha
  3729 | D:4      | Killed Natasha
  3738 | D:5      | Entered Level 5 of the Dungeon
  3748 | D:5      | Reached skill level 1 in Dodging
  3980 | D:5      | Noticed Ijyb
  3991 | D:5      | Killed Ijyb
  4026 | D:5      | Reached skill level 6 in Axes
  4026 | D:5      | Reached XP level 9. HP: 69/69 MP: 9/9
  4449 | D:5      | Found a runed translucent door.
  4450 | D:5      | Noticed Crazy Yiuf
  4455 | D:5      | Killed Crazy Yiuf
  4850 | D:6      | Identified the +6 spear of Guile {distort, rF+ Str+4
                  | Stlth+}
  4972 | D:6      | Found a hide-covered altar of Uskayaw.
  5025 | D:6      | Found a basalt altar of Yredelemnul.
  5334 | D:7      | Reached skill level 7 in Axes
  5412 | D:7      | Reached skill level 8 in Axes
  5792 | D:7      | Found Rogid's Armour Boutique.
  5795 | D:7      | Bought a +0 pair of gloves for 63 gold pieces
  5828 | D:7      | Reached XP level 10. HP: 79/79 MP: 10/10
  6337 | D:8      | Noticed a brown ugly thing
  6342 | D:8      | Killed a brown ugly thing
  6343 | D:8      | Reached skill level 9 in Axes
  6368 | D:8      | Noticed Joseph
  6381 | D:8      | Killed Joseph
  6391 | D:8      | Identified the +5 scale mail of Tender Moments {Drain rF+
                  | rC+ Str+4}
  6628 | D:8      | Got the Tome of Cold Elsewhere
  6664 | D:8      | Reached skill level 10 in Axes
  6848 | D:8      | Found a flagged portal.
  7357 | D:9      | Reached XP level 11. HP: 87/87 MP: 11/11
  7675 | D:9      | Noticed Gastronok
  7692 | D:9      | Killed Gastronok
  7693 | D:9      | Reached skill level 11 in Axes
  7697 | D:9      | Found a runed translucent gate.
  7697 | D:9      | Found a runed translucent gate.
  7698 | D:9      | Found a runed translucent gate.
  7704 | D:9      | Noticed Pentewere's ghost (novice HOCj)
  7720 | D:9      | Killed Pentewere's ghost
  8045 | D:9      | Found an iron altar of Okawaru.
  8140 | D:9      | Found a staircase to the Lair.
  8251 | Lair:1   | Entered Level 1 of the Lair of Beasts
  8257 | Lair:1   | Reached skill level 10 in Fighting
  8258 | Lair:1   | Noticed Erica
  8264 | Lair:1   | Reached skill level 12 in Axes
  8288 | Lair:1   | HP: 3/91 [Erica/+4 scimitar of flaming (5)]
  8290 | Lair:1   | HP: 1/91 [poisoned by Erica (bolt of poison)]
  8291 | Lair:1   | Succumbed to Erica's bolt of poison

Illustrated notes

Levels and vault maps discovered:
D:1:      nicolae_arrival_somewhat_less_tricky_arrival, layout_basic
D:2:      layout_basic, uniq_jessica
D:3:      layout_basic, elyvilon_altar_4
D:4:      layout_rooms, minmay_temple_entry_trees, uniq_pikel, uniq_natasha,
          uniq_duvessa
D:5:      layout_loops_cross, kennysheep_generic_room_12, uniq_ijyb,
          uniq_crazy_yiuf_cottage
D:6:      layout_basic, old_standard_altar, nicolae_overflow_hidden_temple,
          mainiacjoe_overflow_catwalk
D:7:      layout_basic, serial_shops, kennysheep_mini_moat
D:8:      layout_loops_ring, enter_bailey_3, st_stairs_5, minmay_ruffians,
          uniq_joseph
D:9:      layout_rooms, okawaru_altar_gauntlet_db, lair_entry_dummy,
          gammafunk_ghost_spectres, minmay_misc_feat_tower, kennysheep_path_1,
          uniq_gastronok
Lair:1:   layout_regular_city, uniq_erica

Skill      XL: |  1  2  3  4  5  6  7  8  9 10 11 |
---------------+----------------------------------+-----
Long Blades    | 3 |  3.8
Axes           | 1 2 4 6 8 10 12 | 12.0
Fighting       | 4 5 6 7 8 10 | 10.2
Armour         | 4 5 6 7 |  7.6
Dodging        | 1 2 |  2.6
Shields        | 4 |  4.9
Stealth        | |  0.1

Action                     |  1- 3 |  4- 6 |  7- 9 | 10-12 || total
---------------------------+-------+-------+-------+-------++-------
  Melee: Long sword        |    95 |    37 |       |       ||   132
         War axe           |       |    72 |   159 |   189 ||   420
    Use: Scroll            |     4 |     3 |     5 |     9 ||    21
 Armour: Scale mail        |    35 |    36 |    35 |    84 ||   190
         Plate armour      |       |       |    49 |    22 ||    71
  Dodge: Dodged            |    49 |    51 |    71 |    61 ||   232
  Block: Buckler           |    23 |    24 |    39 |    34 ||   120
